 Dungeon Crawl Stone Soup version 0.29-a0-1027-gcd8c55af63 (webtiles) character file.

Game seed: 12322731641834851254

175 ragingrage the Chopper (level 5, 0/45 HPs)
             Began as a Minotaur Delver on Aug 13, 2022.
             Succumbed to an orc wizard's poison
             ... on level 2 of the Dungeon.
             The game lasted 00:02:09 (1590 turns).

ragingrage the Chopper (Minotaur Delver)            Turns: 1590, Time: 00:02:10

Health: 0/45       AC:  3    Str: 18    XL:     5   Next: 29%
Magic:  4/4        EV: 12    Int:  7    God:
Gold:   69         SH:  0    Dex: 12    Spells: 4/4 levels left

rFire   . . .      SeeInvis .   i - +0 war axe
rCold   . . .      Faith    .   (no shield)
rNeg    . . .      Spirit   .   b - +0 leather armour
rPois   .          Reflect  .   (helmet restricted)
rElec   .          Harm     .   (no cloak)
rCorr   .          Rampage  .   (no gloves)
Will    .....                   (no boots)
Stlth   ++........              (no amulet)
HPRegen 0.15/turn               (no ring)
MPRegen 0.09/turn               (no ring)

@: lethally poisoned (0 -> -2), on berserk cooldown, slowed, very slow
A: horns 2, retaliatory headbutt
a: no special abilities


You were on level 2 of the Dungeon.
You visited 1 branch of the dungeon, and saw 5 of its levels.

You collected 69 gold pieces.

Inventory:

Hand Weapons
 i - a +0 war axe (weapon)
Missiles
 j - 2 atropa-tipped darts (quivered)
Armour
 b - a +0 leather armour (worn)
Wands
 g - a wand of digging (3)
Scrolls
 c - a scroll of fog
 d - a scroll of magic mapping
 e - a scroll of fear
 k - a scroll of brand weapon {unknown}
 l - a scroll of immolation {unknown}
 m - a scroll of enchant weapon {unknown}
Potions
 f - a potion of haste
 h - a potion of cancellation {unknown}


   Skills:
 - Level 3.6 Fighting
 * Level 6.7 Axes
 - Level 2.1 Dodging
 - Level 4.1 Stealth


You had 4 spell levels left.
You didn't know any spells.
Your spell library was empty.

Dungeon Overview and Level Annotations

Branches:
Dungeon (6/15)
 Temple: D:4-7

Altars:
Elyvilon
Zin
The Shining One

Annotations:
D:5 Ijyb, Prince Ribbit


Innate Abilities, Weirdness & Mutations

You have a pair of horns on your head.
You reflexively headbutt those who attack you in melee.


Message History

You barely miss something. Your headbutt misses something.
* * * LOW HITPOINT WARNING * * *
You feel very sick. The orc wizard casts a spell at you.
The puff of flame hits something!
Reactivating autopickup.
You feel a bit more experienced.
You have reached level 5!
It was a potion of berserk rage.
A red film seems to cover your vision as you go berserk!
You feel yourself moving faster!
You feel mighty!
* * * LOW HITPOINT WARNING * * *
You feel sick.
The orc wizard casts a spell.
The orc wizard flickers and vanishes!
Deactivating autopickup; reactivate with Ctrl-A.
The orc barely misses you.
You are too berserk!
You slash the orc!
You kill the orc!
* * * LOW HITPOINT WARNING * * *
You feel sick.
You closely miss something. You headbutt something!
Reactivating autopickup.
You feel a bit more experienced.
* * * LOW HITPOINT WARNING * * *
You feel sick.
* * * LOW HITPOINT WARNING * * *
You feel sick.
Items here: ))) [[.
You feel a strong urge to attack something.
* * * LOW HITPOINT WARNING * * *
You feel sick.
Items here: ))) [[.
You feel your anger nearly subside.
You are no longer berserk.
You are exhausted.
You feel yourself slow down.
* * * LOW HITPOINT WARNING * * *
You feel sick.
You die...

.##.##..)# #..#
.##.###.## #..# .##g#
#.# #..#### ###.# #.#
#.††..# #.# #.# ##.##.#
#.# #.# #.##.# #.#
#.#####.##.###.## ###.#
#.##............#
g...#.(.......##@###..#
......# #.#####.# #
####### ###)# #...#
#.#.# #....)#
#..........
####.....### ##...##


There were no monsters in sight!

Vanquished Creatures
  A hound (D:6)
  2 orc wizards
  4 adders
  A gnoll (D:2)
  8 orcs
  5 ball pythons
  3 goblins
  3 jackals (D:2)
  A frilled lizard (D:2)
  A kobold (D:2)
29 creatures vanquished.

Vanquished Creatures (others)
  An orc wizard (D:2)
1 creature vanquished.

Grand Total: 30 creatures vanquished

Notes
Turn   | Place    | Note
-------+----------+-------------------------------------------
     0 | D:5      | ragingrage the Minotaur Delver began the quest for the Orb.
     0 | D:5      | Reached XP level 1. HP: 19/19 MP: 0/0
     8 | D:5      | Reached skill level 3 in Axes
     8 | D:5      | Reached XP level 2. HP: 21/26 MP: 1/1
   113 | D:5      | Reached skill level 4 in Axes
   121 | D:5      | Reached XP level 3. HP: 29/31 MP: 2/2
   144 | D:5      | Noticed Ijyb
   160 | D:5      | Noticed Prince Ribbit
   185 | D:6      | Reached skill level 5 in Axes
   367 | D:6      | Found a glowing silver altar of Zin.
   367 | D:6      | Found a glowing golden altar of the Shining One.
   368 | D:6      | Found a white marble altar of Elyvilon.
   696 | D:3      | Reached XP level 4. HP: 39/39 MP: 3/3
  1535 | D:2      | Reached skill level 6 in Axes
  1583 | D:2      | Reached XP level 5. HP: 7/45 MP: 4/4
  1589 | D:2      | HP: 2/45 [poisoned by an orc wizard]
  1590 | D:2      | Succumbed to an orc wizard's poison

Illustrated notes

Levels and vault maps discovered:
D:2:      layout_loops_ring
D:3:      layout_loops_corners, minmay_shallow_snake_nest
D:4:      layout_cave_pods, lightli_minifort, uniq_sigmund, uniq_grinder
D:5:      minmay_inner_zag, layout_basic, saegor_snake_ambush,
          uniq_prince_ribbit1, uniq_ijyb
D:6:      layout_loops_ring, good_gods_temple_1, lemuel_round_altar,
          minmay_misc_feat_nine_boxes, nicolae_figureground_pulse

Skill      XL: |  1  2  3  4 |
---------------+-------------+-----
Axes           | 3 4 5 6 |  6.7
Fighting       | |  3.6
Dodging        | |  2.1
Stealth        | |  4.1

Action                   |  1- 3 |  4- 6 || total
-------------------------+-------+-------++-------
Melee: Hand axe          |    22 |       ||    22
       Headbutt          |     8 |     1 ||     9
       War axe           |     2 |    38 ||    40
  Use: Potion            |       |     1 ||     1
 Stab: Sleeping          |     1 |     1 ||     2
       Distracted        |       |     2 ||     2
Armor: Leather armour    |     4 |     6 ||    10
Dodge: Dodged            |    20 |    14 ||    34

Table legend: (Time is in decaauts)
 A = Elapsed time spent in this place.
 B = Non-inter-level travel time spent in this place.
 C = Inter-level travel time spent in this place.
 D = Time resting spent in this place.
 E = Time spent auto-exploring this place.
 F = Levels seen in this place.
 G = Mean time per level.
                   A        B        C        D        E       F      G
               +--------+--------+--------+--------+--------+-----+--------+
         Total |   1611 |   1555 |     56 |    920 |    296 |   5 |  322.2 |
       Dungeon |   1611 |   1555 |     56 |    920 |    296 |   5 |  322.2 |
               +--------+--------+--------+--------+--------+-----+--------+

Top non-repeatable levels by time:
     D:3: 860 daAuts
     D:5: 220 daAuts
     D:6: 215 daAuts
     D:2: 164 daAuts
     D:4: 150 daAuts
